 Dungeon Crawl Stone Soup version 0.13-a0-3016-gcb2faac (webtiles) character file.

184 4tharraofdagon the Chopper (level 5, -3/59 HPs)
             Began as a Djinni Berserker on Sept 12, 2013.
             Was a Believer of Trog.
             Slain by 4tharraofdagon's ghost (5 damage)
             ... on Level 6 of the Dungeon.
             The game lasted 00:01:49 (518 turns).

4tharraofdagon the Chopper (Djinni Berserker)        Turns: 518, Time: 00:01:49

HP  -3/59        AC  2     Str 24      XL: 5   Next: 15%
MP   0/0         EV 12     Int  7      God: Trog [**....]
Gold 28          SH  0     Dex 12      Spells:  0 memorised,  4 levels left

Res.Fire  : + + +   See Invis. : .   a - +0 hand axe {=f}
Res.Cold  : x . .   Warding    : .   b - +0 animal skin
Life Prot.: + + +   Conserve   : .   (no shield)
Res.Poison: .       Res.Corr.  : .   (no helmet)
Res.Elec. : .       Clarity    : .   (no cloak)
Sust.Abil.: + .     Spirit.Shd : .   (no gloves)
Res.Mut.  : .       Stasis     : .   (boots unavailable)
Res.Rott. : .       Flight     : .   (no amulet)
Saprovore : . . .                    (no ring)
                                     e - ring of sustain abilities {unknown}

@: berserking, very slightly contaminated, very quick, slightly resistant to
hostile enchantments, extremely unstealthy
A: fire immunity, cold vulnerability, life protection 3
a: Burn Spellbooks, Berserk, Trog's Hand, Renounce Religion


You were on level 6 of the Dungeon.
You worshipped Trog.
Trog was most pleased with you.
You were not hungry.

You visited 1 branch of the dungeon, and saw 6 of its levels.

You collected 8 gold pieces.

Inventory:

Hand weapons
 a - a +0,+0 hand axe (weapon) {=f}
Armour
 b - a +0 animal skin (worn)
Scrolls
 d - a scroll of recharging {unknown}
 f - a scroll of fear {unknown}
 g - a scroll of amnesia {unknown}
Jewellery
 e - a ring of sustain abilities (left hand) {unknown}
Potions
 c - a potion of heal wounds {unknown}


   Skills:
 + Level 3.5 Fighting
 * Level 4.2 Axes
 + Level 3.3 Armour
 - Level 1.7 Dodging


You had 4 spell levels left.
You didn't know any spells.

Dungeon Overview and Level Annotations

Branches:
Dungeon (6/27)
 Temple: D:4-7          Orc: D:6-11

Altars:

Annotations:
D:6 4tharraofdagon's ghost, average DjBe


Innate Abilities, Weirdness & Mutations

You are immune to all types of fire, even holy and hellish.
You are vulnerable to cold.
You need no food.
You have no legs.
You are immune to negative energy.


Message History

You hit 4tharraofdagon's ghost but do no damage. 4tharraofdagon's ghost is heavily damaged.
The hound bites you.
* * * LOW HITPOINT WARNING * * *
You are too injured to fight recklessly!
You hit the hound.
The hound is almost dead.
You hit 4tharraofdagon's ghost. 4tharraofdagon's ghost is heavily damaged. 4tharraofdagon's ghost hits you!
* * * LOW HITPOINT WARNING * * *
The hound barely misses you.
You hit 4tharraofdagon's ghost. 4tharraofdagon's ghost is heavily damaged.
You slash the hound!
You kill the hound!
Trog accepts your kill.
You have reached level 5! 4tharraofdagon's ghost hits you.
You die...

...##### ........#
.........##
..>........
....[.....# ..
...........##...
........%........
#......@p.#
#.....%...#
######.####
#######.#####.###..
...........<........
....)..............
..............###.
#######.####### #.#


You could see 4tharraofdagon's ghost.

Vanquished Creatures
  An iguana (D:4)
  3 hounds
  An adder (D:4)
  A worm (D:6)
  2 giant eyeballs
  2 goblins
  4 jackals (D:4)
  2 kobolds
  A quokka (D:6)
  A bat (D:1)
  2 giant geckos (D:2)
  A giant newt (D:6)
  A rat (D:1)
22 creatures vanquished.

Notes
Turn   | Place    | Note
--------------------------------------------------------------
     0 | D:1      | 4tharraofdagon, the Djinni Berserker, began the quest for the Orb.
     0 | D:1      | Reached XP level 1. HP: 16/16 MP: 0/0
   186 | D:4      | Noticed an iguana
   190 | D:4      | Reached XP level 2. EP: 9/22
   195 | D:4      | Killed an iguana
   195 | D:4      | Reached skill level 3 in Fighting
   195 | D:4      | Reached XP level 3. EP: 3/29
   251 | D:4      | Paralysed by a giant eyeball for 4 turns
   330 | D:4      | Reached XP level 4. EP: 27/35
   456 | D:5      | Entered Level 5 of the Dungeon
   475 | D:5      | Paralysed by a giant eyeball for 4 turns
   481 | D:5      | Paralysed by a giant eyeball for 2 turns
   506 | D:6      | Noticed 4tharraofdagon's ghost (average DjBe)
   510 | D:6      | Acquired Trog's second power
   514 | D:6      | Reached skill level 4 in Axes
   517 | D:6      | HP: 2/51 [4tharraofdagon's ghost (11)]
   518 | D:6      | Reached XP level 5. EP: 2/41
   518 | D:6      | Slain by 4tharraofdagon's ghost

Action                   |  1- 3 |  4- 6 || total
-------------------------+-------+-------++-------
Melee: Hand axe          |    39 |    28 ||    67
Invok: Berserk           |     3 |     2 ||     5
